 Dungeon Sprint DCSS version 0.20-a0-9-g62d82d9 (console) character file.

961 Blackmore the Frost Mage (level 7, -5/36 HPs)
             Began as a Deep Elf Ice Elementalist on Nov 1, 2016.
             Was a High Priest of Sif Muna.
             Killed from afar by Josephine (28 damage)
             ... with a ghostly fireball
             ... in the Dungeon (Sprint VII: "The Pits").
             The game lasted 00:07:29 (884 turns).

Blackmore the Frost Mage (Deep Elf Ice Elementalist) Turns: 884, Time: 00:07:33

Health: -5/36      AC:  2    Str:  5      XL:     7   Next: 92%
Magic:  25/25      EV: 14    Int: 22      God:    Sif Muna [*****.]
Gold:   0          SH:  0    Dex: 14 (15) Spells: 7 memorised, 10 levels left

rFire  . . .     SeeInvis .     o - +2 dagger
rCold  . . .     Gourm    .     a - +0 robe
rNeg   . . .     Faith    .     (no shield)
rPois  .         Spirit   .     (no helmet)
rElec  .         Reflect  .     (no cloak)
rCorr  .         Harm     .     (no gloves)
MR     .....     NoTele   +     (no boots)
Stlth  +++.......               (no amulet)
                                (no ring)
                                (no ring)

@: drained, divine energy
A: no striking features
a: Stop Divine Energy, Channel Magic, Forget Spell, Renounce Religion


You were in the Dungeon.
You worshipped Sif Muna.
Sif Muna was extremely pleased with you.
You were hungry.

You visited 1 branch

Inventory:

Hand Weapons
 o - a +2 dagger (weapon)
 q - a +1 long sword of flaming
Armour
 a - a +0 robe (worn)
Wands
 r - a wand of polymorph (6/24)
Scrolls
 i - a scroll of blinking
 j - 3 scrolls of remove curse
 k - 5 scrolls of amnesia
 l - a scroll of summoning
Potions
 d - 2 potions of invisibility
 e - 5 potions of heal wounds
 f - a potion of haste
 g - 3 potions of magic
 h - 3 potions of berserk rage
 p - 5 potions of curing
Books
 b - a book of Frost

   Spells                             Type                      Level
   a - Freeze                         Ice                          1
   b - Throw Frost                    Conjuration/Ice              2
   c - Ozocubu's Armour               Charms/Ice                   3
   d - Throw Icicle                   Conjuration/Ice              4
   e - Summon Ice Beast               Ice/Summoning                4
 s - a book of Flames

   Spells                             Type                      Level
   a - Flame Tongue                   Conjuration/Fire             1
   b - Throw Flame                    Conjuration/Fire             2
   c - Conjure Flame                  Conjuration/Fire             3
   d - Inner Flame                    Hexes/Fire                   3
   e - Sticky Flame                   Conjuration/Fire             4
   f - Fireball                       Conjuration/Fire             5
Comestibles
 c - 8 bread rations
 m - 40 fruits
 n - 7 meat rations
 t - 3 chunks of flesh


   Skills:
 + Level 5.1(4.1) Dodging
 + Level 7.6(6.6) Stealth
 * Level 12.6(11.4) Spellcasting
 + Level 3.2(2.3) Conjurations
 + Level 0.8(0.0) Charms
 + Level 2.3(1.4) Summonings
 * Level 13.2(12.0) Ice Magic


You had 10 spell levels left.
You knew the following spells:

 Your Spells              Type           Power        Failure   Level  Hunger
a - Freeze                Ice            ####         1%          1    None
b - Throw Frost           Conj/Ice       #####.       1%          2    None
c - Ozocubu's Armour      Chrm/Ice       #####...     1%          3    None
d - Throw Icicle          Conj/Ice       #####...     2%          4    None
e - Summon Ice Beast      Ice/Summ       #####...     3%          4    None
f - Sticky Flame          Conj/Fire      ###.....     34%         4    None
g - Conjure Flame         Conj/Fire      ###.....     12%         3    None


Dungeon Overview and Level Annotations

Branches:
Dungeon (1/1)

Altars:
Ashenzari
Cheibriados
Dithmenos
Elyvilon
Fedhas
Gozag
Hepliaklqana
Kikubaaqudgha
Makhleb
Nemelex Xobeh
Okawaru
Qazlal
Ru
Sif Muna
Trog
Uskayaw
Vehumet
Xom
Yredelemnul
Zin
The Shining One
Beogh
Jiyva
Lugonu

Annotations:
D Josephine


Message History

Unknown command.
Unknown command.
You are unable to access your magic!
Drop what? 20/52 slots (_ for help) (? for menu, Esc to quit)
Okay, then.
Unknown command.
Unknown command.
Unknown command.
Unknown command.
Unknown command.
Unknown command.
Unknown command.
You regain access to your magic.
Josephine casts a spell at you.
The ghostly flame explodes!
The ghostly fireball engulfs the wraith.
The wraith completely resists.
The ghostly fireball engulfs you!
You feel drained.
Ouch! That really hurt!
You die...

#.#..####).##.......
#.#..#..#))##.......
#)#..#..#..##.......
#.##'#..#'###...<...
#)#........##.......
#.#........##.......
#'###########.......
#..#.#.##..#########
#..@....#.######
##.#W#.##.#....#
#.....).#'#Wr..#
##.#.#@##.@W@..+
#......W#'#
##.#.#..W)#
##########


You could see Josephine and 3 wraiths.

Vanquished Creatures
  A deep elf mage (D)
  A gargoyle (D)
  An ice beast (D)
  A scorpion (D)
  A quasit (D)
  A hound (D)
  Ijyb (D)
  An iguana (D)
  A worker ant (D)
  2 adders (D)
  2 river rats (D)
  A white imp (D)
  2 ufetubi (D)
  An ooze (D)
  A giant cockroach (D)
  A quokka (D)
  A leopard gecko skeleton (D)
20 creatures vanquished.

Vanquished Creatures (collateral kills)
  Purgy (D)
  A necrophage (D)
  A hobgoblin (D)
3 creatures vanquished.

Grand Total: 23 creatures vanquished

Notes
Turn   | Place    | Note
-------+----------+-------------------------------------------
     0 | D        | Blackmore the Deep Elf Ice Elementalist began the quest for the Orb.
     0 | D        | Reached XP level 1. HP: 10/10 MP: 6/6
     9 | D        | Noticed a worker ant
    14 | D        | Killed a worker ant
    14 | D        | Reached skill level 5 in Ice Magic
    14 | D        | Reached XP level 2. HP: 8/15 MP: 3/9
    24 | D        | Learned a level 2 spell: Throw Frost
    45 | D        | Found a radiant altar of Vehumet.
    45 | D        | Found a hide-covered altar of Uskayaw.
    45 | D        | Found an ancient bone altar of Kikubaaqudgha.
    45 | D        | Found a viscous altar of Jiyva.
    45 | D        | Found a hazy altar of Hepliaklqana.
    46 | D        | Found a bloodstained altar of Trog.
    46 | D        | Found a deep blue altar of Sif Muna.
    46 | D        | Found a sacrificial altar of Ru.
    46 | D        | Found a stormy altar of Qazlal.
    46 | D        | Found an iron altar of Okawaru.
    46 | D        | Found a sparkling altar of Nemelex Xobeh.
    46 | D        | Found an opulent altar of Gozag.
    46 | D        | Found a blossoming altar of Fedhas.
    46 | D        | Found a white marble altar of Elyvilon.
    46 | D        | Found a shadowy altar of Dithmenos.
    46 | D        | Found a snail-covered altar of Cheibriados.
    47 | D        | Found a burning altar of Makhleb.
    47 | D        | Found a glowing golden altar of the Shining One.
    47 | D        | Found a glowing silver altar of Zin.
    47 | D        | Found a basalt altar of Yredelemnul.
    47 | D        | Found a roughly hewn altar of Beogh.
    48 | D        | Found a corrupted altar of Lugonu.
    48 | D        | Found a shimmering altar of Xom.
    48 | D        | Found a shattered altar of Ashenzari.
    52 | D        | Became a worshipper of Sif Muna the Loreminder
    76 | D        | Reached skill level 6 in Ice Magic
    78 | D        | Reached XP level 3. HP: 19/19 MP: 3/11
    83 | D        | Learned a level 3 spell: Ozocubu's Armour
   151 | D        | Reached skill level 5 in Spellcasting
   160 | D        | Reached * piety under Sif Muna
   160 | D        | Reached skill level 7 in Ice Magic
   268 | D        | Reached XP level 4. HP: 24/24 MP: 13/13
   274 | D        | Learned a level 4 spell: Throw Icicle
   327 | D        | Learned a level 4 spell: Summon Ice Beast
   327 | D        | Noticed a necrophage
   341 | D        | Killed a necrophage
   341 | D        | Reached ** piety under Sif Muna
   341 | D        | Reached skill level 8 in Ice Magic
   349 | D        | Noticed a deep elf mage
   351 | D        | Noticed Purgy
   366 | D        | Killed Purgy
   366 | D        | Reached skill level 9 in Ice Magic
   366 | D        | Reached XP level 5. HP: 28/28 MP: 5/17
   379 | D        | Noticed an ice beast
   380 | D        | Killed a deep elf mage
   380 | D        | Reached *** piety under Sif Muna
   380 | D        | Reached **** piety under Sif Muna
   380 | D        | Reached skill level 5 in Stealth
   380 | D        | Reached skill level 10 in Spellcasting
   380 | D        | Reached skill level 1 in Summonings
   380 | D        | Reached skill level 11 in Ice Magic
   380 | D        | Reached XP level 6. HP: 32/32 MP: 5/21
   489 | D        | Noticed an ice beast
   494 | D        | Killed an ice beast
   494 | D        | Reached skill level 12 in Ice Magic
   494 | D        | Reached XP level 7. HP: 36/36 MP: 9/23
   571 | D        | Noticed a gargoyle
   581 | D        | Killed a gargoyle
   581 | D        | Reached ***** piety under Sif Muna
   581 | D        | Received a gift from Sif Muna
   590 | D        | Learned a level 4 spell: Sticky Flame
   706 | D        | Noticed Ijyb
   708 | D        | Reached skill level 13 in Ice Magic
   711 | D        | Reached skill level 5 in Dodging
   723 | D        | Killed Ijyb
   851 | D        | Noticed Josephine
   851 | D        | Noticed a wraith
   851 | D        | Noticed a wraith
   851 | D        | Noticed a wraith
   857 | D        | Learned a level 3 spell: Conjure Flame
   865 | D        | Noticed a wraith
   876 | D        | Noticed a wraith
   884 | D        | Killed from afar by Josephine

Vault maps used:
D:        pitsprint

Skill      XL: |  1  2  3  4  5  6  7 |
---------------+----------------------+-----
Spellcasting   | 4 5 7 10 11 12 | 12.6
Ice Magic      | 5 6 7 9 11 12 13 | 13.2
Dodging        | 3 4 5 |  5.1
Stealth        | 4 5 6 7 |  7.6
Conjurations   | 2 3 |  3.2
Summonings     | 1 2 |  2.3
Charms         | |  0.8

Action                   |  1- 3 |  4- 6 |  7- 9 || total
-------------------------+-------+-------+-------++-------
Melee: Dagger            |     6 |     2 |       ||     8
       Unarmed           |       |       |     1 ||     1
 Cast: Freeze            |     5 |     2 |     4 ||    11
       Throw Frost       |     7 |       |       ||     7
       Ozocubu's Armour  |     1 |       |       ||     1
       Summon Ice Beast  |       |     3 |       ||     3
       Throw Icicle      |       |     2 |    20 ||    22
       Conjure Flame     |       |       |     2 ||     2
       Sticky Flame      |       |       |     2 ||     2
Invok: Divine Energy     |       |     1 |       ||     1
       Channel Magic     |       |       |     1 ||     1
  Use: Potion            |     1 |       |     2 ||     3
 Stab: Sleeping          |     3 |     2 |       ||     5
Armor: Robe              |       |       |     4 ||     4
Dodge: Dodged            |     4 |     3 |    11 ||    18
